 Dungeon Crawl Stone Soup version 0.19-a0-1672-g679cadd (webtiles) character file.

1430 4thArraOfDagon the Grappler (level 8, 68/74 HPs)
             Began as a Troll Monk on Sept 22, 2016.
             Quit the game on level 4 of the Dungeon.
             The game lasted 00:07:09 (1466 turns).

4thArraOfDagon the Grappler (Troll Monk)            Turns: 1466, Time: 00:07:09

Health: 68/74      AC:  7    Str: 20    XL:     8   Next: 45%
Magic:  7/7        EV: 10    Int:  8    God:
Gold:   444        SH:  0    Dex: 12    Spells: 0 memorised, 7 levels left

rFire  . . .     SeeInvis .       - Unarmed
rCold  . . .     Gourm    +     a - +0 robe
rNeg   . . .     Faith    .     (no shield)
rPois  .         Spirit   .     (helmet restricted)
rElec  .         Dismiss  .     f - +1 cloak
rCorr  .         Reflect  .     (gloves unavailable)
MR     .....     Harm     .     (boots unavailable)
Stlth  ++........               (no amulet)
                                (no ring)
                                k - ring of stealth (curse)

@: no status effects
A: unfitting armour, claws 3, fast metabolism 3, gourmand, regeneration 1,
shaggy fur 1, tough skin 2
a: no special abilities


You were on level 4 of the Dungeon.
You were full.

You visited 1 branch of the dungeon, and saw 9 of its levels.
You also visited: Ossuary.

You collected 444 gold pieces.

Inventory:

Armour
 a - a +0 robe (worn)
 f - a +1 cloak (worn)
Jewellery
 k - a cursed ring of stealth (left claw)
Wands
 d - a wand of digging (16/24)
 l - a wand of disintegration (18/24)
 o - a wand of flame (17/48)
Scrolls
 h - 2 scrolls of amnesia
Potions
 c - 3 potions of mutation {unknown}
 e - 2 potions of invisibility
 g - a potion of curing
 j - a potion of heal wounds {unknown}
 n - 2 potions of flight {unknown}
Comestibles
 b - 8 bread rations
 i - a meat ration


   Skills:
 - Level 2.4 Fighting
 - Level 2.4 Dodging
 - Level 1.1 Stealth
 * Level 10.8 Unarmed Combat


You had 7 spell levels left.
You didn't know any spells.

Dungeon Overview and Level Annotations

Branches:
Dungeon (9/15)
 Temple: D:4-7         Lair: D:8-11         Orc: D:9-12

Altars:
Xom
Zin

Annotations:
D:4 Tux's ghost, amateur DrTm
D:7 Joseph
D:8 ThereIsNoGod's ghost, novice MiGl


Innate Abilities, Weirdness & Mutations

You are too large for most types of armour.
You have claws for hands.
Your metabolism is lightning-fast.
You like to eat raw meat.
Your natural rate of healing is unusually fast.
You are covered in fur. (AC +1)
You have very tough skin. (AC +2)


Message History

Okay, then.
A worker ant comes into view.
You closely miss the worker ant.
The worker ant bites you but does no damage.
You claw the worker ant!
The worker ant is heavily wounded.
The worker ant bites you.
You scratch the worker ant. You claw the worker ant.
You kill the worker ant!
No target in view!
No target in view!
A frilled lizard comes into view.
You open the door.
Found a bread ration.
There is an open door here.
You close the door.
b - 8 bread rations (gained 1)
You open the door.
There is an open door here.
Are you sure you want to abandon this character and quit the game? (Confirm with "yes".)

.<.....................#
#################......#
#....#......#
#....##'#####
#.....#....#
#....##....#
##....##....#
#...........#
#.....@.....#
#...........#
############# ..
######+##.. #..........
#.......... #........#


There were no monsters in sight!

Vanquished Creatures
  Maurice (D:8)
  A spriggan (D:7)
  An ogre (D:5)
  A necrophage (D:9)
  An elf zombie (Ossuary)
  A scorpion (D:9)
  A wight (D:6)
  A bullfrog zombie (D:6)
  4 hounds
  A human zombie (Ossuary)
  An orc priest (D:4)
  2 iguanas (D:8)
  An orc wizard (D:4)
  5 worker ants
  A killer bee zombie (D:8)
  3 big kobold zombies (Ossuary)
  2 mummies (Ossuary)
  8 adders
  2 worms
  2 adder skeletons
  A dart slug (D:2)
  A leopard gecko (D:5)
  5 orcs (D:4)
  A bat (D:2)
  A goblin (D:2)
  2 hobgoblins
  5 jackals
  A kobold (D:3)
  2 frilled lizards
  4 gnoll zombies (Ossuary)
  3 goblin zombies (Ossuary)
  A hobgoblin zombie (Ossuary)
  An orc zombie (Ossuary)
68 creatures vanquished.

Vanquished Creatures (others)
  A fungus (D:8)
1 creature vanquished.

Grand Total: 69 creatures vanquished

Notes
Turn   | Place    | Note
-------+----------+-------------------------------------------
     0 | D:1      | 4thArraOfDagon the Troll Monk began the quest for the Orb.
     0 | D:1      | Reached XP level 1. HP: 22/22 MP: 0/0
   112 | D:2      | Reached XP level 2. HP: 25/29 MP: 1/1
   118 | D:2      | Reached skill level 4 in Unarmed Combat
   118 | D:2      | Reached XP level 3. HP: 28/36 MP: 2/2
   129 | D:2      | Found a glowing silver altar of Zin.
   211 | D:3      | Found a shimmering altar of Xom.
   315 | D:4      | Noticed Tux's ghost (amateur DrTm)
   326 | D:5      | Entered Level 5 of the Dungeon
   326 | D:5      | Noticed an ice beast
   333 | D:5      | Noticed a necrophage
   351 | D:4      | Reached skill level 5 in Unarmed Combat
   351 | D:4      | Reached XP level 4. HP: 36/44 MP: 3/3
   375 | D:4      | You fall through a shaft for 2 floors!
   419 | D:7      | Noticed a spriggan baker
   424 | D:7      | Killed a spriggan baker
   424 | D:7      | Reached skill level 6 in Unarmed Combat
   424 | D:7      | Reached XP level 5. HP: 29/50 MP: 4/4
   496 | D:7      | Noticed Joseph
   538 | D:8      | Identified the Collected Works on Calling and Curses
   615 | D:8      | Reached XP level 6. HP: 39/59 MP: 5/5
   626 | D:8      | Noticed Maurice
   653 | D:8      | Killed Maurice
   653 | D:8      | Reached skill level 8 in Unarmed Combat
   653 | D:8      | Reached XP level 7. HP: 54/66 MP: 6/6
   664 | D:8      | Found a sand-covered staircase.
   672 | Ossuary  | Entered an ossuary
   749 | Ossuary  | Reached skill level 9 in Unarmed Combat
   852 | D:8      | Noticed a basilisk
   959 | D:9      | Reached XP level 8. HP: 66/74 MP: 7/7
   972 | D:8      | Noticed ThereIsNoGod's ghost (novice MiGl)
  1157 | D:6      | Reached skill level 10 in Unarmed Combat
  1466 | D:4      | Quit the game

Vault maps used:
D:1:      sevenhm_arrival_forest_fort_large_2
D:2:      fiery_altar_vehumet, lemuel_doored_altar
D:3:      lemuel_crystal_altar, overflow_temple_1_default
D:4:      first_bread
D:5:      lightli_sewer_entry_pipes, lightli_minifort
D:6:      minmay_diamond_boxcup, kennysheep_small_square, uniq_pikel
D:7:      basic_altar, the_bakery, uniq_joseph
D:8:      minmay_lair_entry_grove, enter_ossuary_3, uniq_maurice
D:9:      lemuel_coloured_pillars_altar, okawaru_humans, corner_web_ring,
          uniq_erolcha, uniq_erica
Ossuary:  minmay_ossuary_gauntlet

Skill      XL: |  1  2  3  4  5  6  7  8 |
---------------+-------------------------+-----
Unarmed Combat | 4 5 6 8 9 10 | 10.8
Fighting       | |  2.4
Dodging        | |  2.4
Stealth        | |  1.1

Action                   |  1- 3 |  4- 6 |  7- 9 || total
-------------------------+-------+-------+-------++-------
Melee: Unarmed           |    65 |    37 |   155 ||   257
       Punch             |     1 |     1 |     7 ||     9
  Use: Scroll            |       |     3 |     5 ||     8
       Potion            |       |     1 |       ||     1
 Stab: Sleeping          |     1 |       |     1 ||     2
  Eat: Chunk             |     1 |       |     7 ||     8
       Pizza             |       |       |     1 ||     1
       Beef jerky        |       |       |     1 ||     1
       Meat ration       |       |       |     1 ||     1
Armor: Robe              |    20 |     5 |    48 ||    73
Dodge: Dodged            |    43 |    12 |    50 ||   105
